 Dungeon Crawl Stone Soup version 0.28.0-53-g5a82cb258f (webtiles) character file.

Game seed: 2703350259347763068

10444 DocClef the Thaumaturge (level 11, -28/74 HPs)
             Began as a Gnoll Fire Elementalist on July 20, 2022.
             Was a Believer of Hepliaklqana.
             Killed by an exploding four-headed hydra (57 damage)
             ... ignited by their inner flame
             ... on level 10 of the Dungeon.
             The game lasted 00:18:34 (11885 turns).

DocClef the Thaumaturge (Gnoll Fire Elementalist)  Turns: 11885, Time: 00:18:35

Health: -28/74     AC:  7    Str: 13    XL:     11   Next: 62%
Magic:  20/32      EV: 15    Int: 23    God:    Hepliaklqana [**....]
Gold:   455        SH:  0    Dex: 12    Spells: 14/26 levels left

rFire   . . .      SeeInvis .   q - +8 whip of Insomnia {freeze, rC+}
rCold   + . .      Faith    .   (no shield)
rNeg    . . .      Spirit   .   A - +0 steam dragon scales
rPois   .          Reflect  .   F - +0 hat {Int+3}
rElec   .          Harm     .   (no cloak)
rCorr   .          Rampage  .   (no gloves)
Will    .....                   D - +0 pair of boots
Stlth   +++++.....              (no amulet)
HPRegen 0.22/turn               y - ring of Foolhardiness {Str+6 Stlth+}
MPRegen 0.23/turn               p - ring of magical power

@: no status effects
A: reduced essence, fangs 1, strong nose, distributed training
a: Renounce Religion, Recall Ancestor, Ancestor Identity


You were on level 10 of the Dungeon.
You worshipped Hepliaklqana.
Hepliaklqana was pleased with you.
You visited 2 branches of the dungeon, and saw 11 of its levels.

You collected 572 gold pieces.
You spent 117 gold pieces at shops.

Inventory:

Hand Weapons
 q - the +8 whip of Insomnia (weapon) {freeze, rC+}
   (You found it on level 4 of the Dungeon)

   It freezes those it strikes, dealing additional cold damage.
   It can also slow down cold-blooded creatures.
   rC:        It protects you from cold.
Armour
 h - a +0 helmet
 A - +0 steam dragon scales (worn)
 D - a +0 pair of boots (worn)
 F - a +0 hat of intelligence (worn)
Jewellery
 l - a ring of positive energy
 p - a ring of magical power (right hand)
 y - the ring of Foolhardiness (left hand) {Str+6 Stlth+}
   (You found it on level 8 of the Dungeon)

   [ring of strength]

   Str:       It affects your strength (+6).
   Stlth:     It makes you more stealthy.
Wands
 r - a wand of paralysis (24)
 v - a wand of iceblast (8)
 w - a wand of mindburst (5)
 z - a wand of digging (5)
Scrolls
 a - a scroll of vulnerability {unknown}
 b - 2 scrolls of brand weapon {unknown}
 c - 10 scrolls of identify {unknown}
 f - 2 scrolls of silence {unknown}
 g - 4 scrolls of teleportation {unknown}
 i - 3 scrolls of noise {unknown}
 n - a scroll of immolation {unknown}
 u - a scroll of magic mapping {unknown}
 x - 2 scrolls of blinking {unknown}
 C - a scroll of holy word {unknown}
 E - a scroll of fear {unknown}
Potions
 d - 7 potions of curing
 e - a potion of lignification {unknown}
 j - a potion of ambrosia {unknown}
 k - 2 potions of brilliance {unknown}
 m - a potion of cancellation {unknown}
 o - 2 potions of might {unknown}
 s - 2 potions of heal wounds
 t - a potion of degeneration
 B - 2 potions of invisibility {unknown}
 G - a potion of attraction {unknown}


   Skills:
 + Level 6.4 Fighting
 + Level 6.4 Short Blades
 + Level 6.4 Long Blades
 + Level 6.4 Axes
 + Level 6.4 Maces & Flails
 + Level 6.4 Polearms
 + Level 6.4 Staves
 + Level 6.4 Slings
 + Level 6.4 Bows
 + Level 6.4 Crossbows
 + Level 6.4 Throwing
 + Level 6.4 Armour
 + Level 8.0 Dodging
 + Level 7.8 Stealth
 + Level 6.4 Shields
 + Level 6.4 Unarmed Combat
 + Level 8.3 Spellcasting
 + Level 5.8 Conjurations
 + Level 5.3 Hexes
 + Level 5.3 Summonings
 + Level 5.3 Necromancy
 + Level 5.3 Translocations
 + Level 5.3 Transmutations
 + Level 7.7 Fire Magic
 + Level 5.3 Ice Magic
 + Level 5.3 Air Magic
 + Level 5.3 Earth Magic
 + Level 5.3 Poison Magic
 + Level 7.1 Invocations
 + Level 6.4 Evocations


You had 14 spell levels left.
You knew the following spells:

 Your Spells              Type           Power      Damage    Failure   Level
a - Foxfire               Conj/Fire      100%       2x1d9     1%          1
b - Scorch                Fire           90%        2d10      1%          2
c - Conjure Flame         Conj/Fire      40%        6-21      1%          3
d - Inner Flame           Hex/Fire       39%        N/A       1%          3
e - Call Canine Familiar  Summ           34%        N/A       2%          3

Your spell library contained the following spells:

 Spells                   Type           Power      Damage    Failure   Level
 Animate Skeleton         Necr           68%        N/A       1%          1
 Apportation              Tloc           68%        N/A       1%          1
 Shock                    Conj/Air       100%       1d9       1%          1
 Summon Small Mammal      Summ           100%       N/A       1%          1
 Stone Arrow              Conj/Erth      70%        3d11      1%          3
 Portal Projectile        Hex/Tloc       68%        N/A       2%          3
 Swiftness                Air            34%        N/A       2%          3
 Flame Wave               Conj/Fire      40%        2d9       4%          4
 Airstrike                Air            17%        N/A       8%          4
 Animate Armour           Summ/Erth      68%        N/A       8%          4
 Leda's Liquefaction      Hex/Erth       17%        N/A       8%          4
 Alistair's Intoxication  Tmut/Pois      22%        N/A       21%         5
 Blade Hands              Tmut           17%        N/A       21%         5
 Iron Shot                Conj/Erth      17%        9d4       71%         6
 Lehudib's Crystal Spear  Conj/Erth      17%        10d5      100%        8


Dungeon Overview and Level Annotations

Branches:
Dungeon (10/15)            Temple (1/1) D:7            Lair (0/6) D:9
    Orc: D:9-12

Altars:
Cheibriados
Dithmenos
Elyvilon
Fedhas
Gozag
Hepliaklqana
Kikubaaqudgha
Makhleb
Nemelex Xobeh
Okawaru
Qazlal
Ru
Trog
Uskayaw
Vehumet
Wu Jian
Xom
Yredelemnul
Zin
The Shining One

Shops:
D:6 !   D:8 :(

Annotations:
D:4 2 runed translucent doors, Diggabert's ghost, amateur HuFi
D:5 4 runed translucent doors, Sin92's ghost, amateur DsIE


Innate Abilities, Weirdness & Mutations

Your life essence is reduced to manifest your ancestor. (-10% HP)
You have very sharp teeth.
Your uncanny sense of smell can sniff out nearby items.
Your experience applies equally to all skills.


Message History

Flame seeps out of the seven-headed hydra.
A cyclops comes into view.
You hear a horrible gurgling sound!
You whack the seven-headed hydra!
Flame seeps out of the seven-headed hydra.
The seven-headed hydra seems to slow down.
You freeze the seven-headed hydra.
Flame seeps out of the seven-headed hydra. x2
You bite the seven-headed hydra.
The seven-headed hydra is severely wounded.
You hear a shout!
The seven-headed hydra is engulfed in blazing flames.
The seven-headed hydra explodes!
The fiery explosion engulfs you!!
The fiery explosion engulfs the four-headed hydra!!!
The four-headed hydra is heavily wounded.
You hear an angry buzzing noise.
Your Dodging skill increases to level 8!
Casting: Scorch (safe; 1% risk of failure)
Confirm with . or Enter, or press ? or * to list all spells.
Aiming: Inner Flame (safe; 1% risk of failure)
Press: ? - help, Dir - move target, f - four-headed hydra
Aim: a four-headed hydra (heavily wounded, ally target, chance to affect: 62%)
The four-headed hydra is filled with an intense inner flame!
You are engulfed in blazing flames.
Unknown command.
You are too injured to fight recklessly!
Casting: Inner Flame (safe; 1% risk of failure)
Confirm with . or Enter, or press ? or * to list all spells.
Flames lash the four-headed hydra.
Flame seeps out of the four-headed hydra.
The four-headed hydra is severely wounded.
The four-headed hydra's fire resistance burns away.
Zola hits the four-headed hydra with a +0 quarterstaff!!
Flame seeps out of the four-headed hydra.
The four-headed hydra is engulfed in blazing flames.
The four-headed hydra explodes!
Zola avoids your attack. The fiery explosion engulfs you!!!
Ouch! That really hurt!
You die...

########...........##.
##.###.##
............##..>..#...
#..# ###
..........#.####..##..#
##.## #. .......#..#.#
#..#...# #..###.
.).....#....# ##.##..##
##...#.
).#.........###..#....
#.....
).#......#...#..##..
##....
).#......###...##.#
##... ........#
#...#@.# ##..
........#####.##R## #..
........##....#.#○.D#
#..
.............##.####.#
##. ........#....#...#
∆ ∆ #.
.......##.#.##...## ..
## .#..####....#..#..#
∆ ∆ .# #
##....##...##.....##
..#
...##.##...#..#.#..# #.
.#


You could see the friendly Zola the battlemage.

Vanquished Creatures
  3 hydras
  A two-headed ogre (D:9)
  An elephant (D:9)
  Maggie (D:10)
  2 unseen horrors
  Psyche (D:10)
  13 yaks
  A wraith (D:7)
  A wyvern (D:9)
  A basilisk (D:9)
  A steam dragon (D:8)
  A water moccasin (D:5)
  2 ice beasts
  3 orc warriors (D:10)
  2 black bears
  A hornet zombie (D:6)
  2 ogres
  3 centaurs
  2 kobold brigands
  2 bullfrogs
  4 scorpions
  2 water moccasin zombies (D:5)
  A water moccasin skeleton (D:4)
  2 killer bees (D:10)
  5 wights (D:9)
  5 howler monkeys
  A centaur zombie (D:9)
  A jelly (D:4)
  2 bullfrog skeletons
  3 orc priests
  7 iguanas
  7 orc wizards
  A hound skeleton (D:4)
  4 adders
  2 white imps
  An ufetubus (D:6)
  7 dart slugs
  21 orcs
  8 endoplasms
  6 giant cockroaches
  8 goblins
  8 hobgoblins
  7 jackals
  9 kobolds
  3 quokkas
  3 ball pythons
  8 bats
  A frilled lizard (D:2)
  6 rats
187 creatures vanquished.

Vanquished Creatures (collateral kills)
  Gastronok (D:8)
  A shadow (D:10)
  A yak (D:9)
  An orc warrior (D:10)
  2 centaurs (D:10)
  A bullfrog (D:9)
  4 orcs
  A kobold (D:9)
12 creatures vanquished.

Vanquished Creatures (others)
  A killer bee (D:10)
  An ancestor (D:9)
  915 foxfires
917 creatures vanquished.

Grand Total: 1116 creatures vanquished

Notes
Turn   | Place    | Note
-------+----------+-------------------------------------------
     0 | D:1      | DocClef the Gnoll Fire Elementalist began the quest for the
                  | Orb.
     0 | D:1      | Reached XP level 1. HP: 13/13 MP: 6/6
   402 | D:1      | Reached XP level 2. HP: 19/19 MP: 4/7
   829 | D:1      | Reached XP level 3. HP: 25/25 MP: 3/9
  1032 | D:1      | Reached skill level 5 in Spellcasting
  1226 | D:2      | Reached skill level 1 in Invocations
  1709 | D:4      | Reached skill level 1 in Fighting
  1709 | D:4      | Reached skill level 1 in Short Blades
  1709 | D:4      | Reached skill level 1 in Long Blades
  1709 | D:4      | Reached skill level 1 in Axes
  1709 | D:4      | Reached skill level 1 in Maces & Flails
  1709 | D:4      | Reached skill level 1 in Polearms
  1709 | D:4      | Reached skill level 1 in Staves
  1709 | D:4      | Reached skill level 1 in Slings
  1709 | D:4      | Reached skill level 1 in Bows
  1709 | D:4      | Reached skill level 1 in Crossbows
  1709 | D:4      | Reached skill level 1 in Throwing
  1709 | D:4      | Reached skill level 1 in Armour
  1709 | D:4      | Reached skill level 1 in Shields
  1709 | D:4      | Reached skill level 1 in Unarmed Combat
  1709 | D:4      | Reached skill level 1 in Evocations
  1710 | D:4      | Reached XP level 4. HP: 32/32 MP: 4/11
  1820 | D:4      | Reached skill level 1 in Hexes
  1820 | D:4      | Reached skill level 1 in Summonings
  1820 | D:4      | Reached skill level 1 in Necromancy
  1820 | D:4      | Reached skill level 1 in Translocations
  1820 | D:4      | Reached skill level 1 in Transmutations
  1820 | D:4      | Reached skill level 1 in Ice Magic
  1820 | D:4      | Reached skill level 1 in Air Magic
  1820 | D:4      | Reached skill level 1 in Earth Magic
  1820 | D:4      | Reached skill level 1 in Poison Magic
  2003 | D:4      | Reached XP level 5. HP: 28/37 MP: 2/12
  2130 | D:3      | Found an ornate altar of the Wu Jian Council.
  2477 | D:2      | Found a faded altar of an unknown god.
  3432 | D:4      | Noticed an ice beast
  3441 | D:4      | Killed an ice beast
  3442 | D:4      | Reached XP level 6. HP: 29/44 MP: 5/14
  3634 | D:4      | Identified the +8 whip of Insomnia {freeze, rC+}
  3813 | D:4      | Reached skill level 5 in Dodging
  3958 | D:4      | Found a runed translucent door.
  3959 | D:4      | Noticed Diggabert's ghost (amateur HuFi)
  4129 | D:4      | Learned a level 2 spell: Scorch
  4133 | D:4      | Learned a level 3 spell: Conjure Flame
  4137 | D:4      | Learned a level 3 spell: Inner Flame
  4230 | D:4      | Found a runed translucent door.
  4271 | D:5      | Entered Level 5 of the Dungeon
  4272 | D:5      | Noticed a black bear
  4273 | D:5      | Noticed an ice beast
  4281 | D:5      | Killed an ice beast
  4282 | D:5      | Reached XP level 7. HP: 40/50 MP: 15/15
  4346 | D:5      | Found a large runed translucent door.
  4347 | D:5      | Found a large runed translucent door.
  4348 | D:5      | Noticed Sin92's ghost (amateur DsIE)
  4350 | D:5      | Noticed a yak
  4355 | D:5      | Noticed a yak
  4362 | D:5      | Killed a yak
  4363 | D:5      | Reached skill level 5 in Stealth
  4363 | D:5      | Killed a yak
  4366 | D:5      | Noticed a yak
  4368 | D:5      | Noticed a yak
  4373 | D:5      | Killed a yak
  4373 | D:5      | Noticed a yak
  4374 | D:5      | Reached XP level 8. HP: 58/58 MP: 6/16
  4380 | D:5      | Killed a yak
  5291 | D:5      | Reached XP level 9. HP: 65/65 MP: 18/18
  5436 | D:5      | Identified the +1 leather armour of Ylevvut {rElec rF+ rN+
                  | Int-3}
  5596 | D:5      | Found a large runed translucent door.
  5596 | D:5      | Found a large runed translucent door.
  5974 | D:6      | Found Jiad's Distillery.
  5988 | D:6      | Bought a potion of curing for 39 gold pieces
  5988 | D:6      | Bought a potion of heal wounds for 65 gold pieces
  5988 | D:6      | Bought a potion of degeneration for 13 gold pieces
  6556 | D:7      | Found a staircase to the Ecumenical Temple.
  6565 | Temple   | Entered the Ecumenical Temple
  6575 | Temple   | Became a worshipper of Hepliaklqana the Forgotten
  6649 | D:7      | Noticed an eight-headed hydra
  6796 | D:8      | Learned a level 3 spell: Call Canine Familiar
  6999 | D:8      | Found Zueseju's Book Emporium.
  7010 | D:8      | Reached skill level 5 in Invocations
  7027 | D:8      | Identified the ring of Foolhardiness {Str+6 Stlth+}
  7067 | D:8      | Found Niappi's Weapon Shop.
  7612 | D:8      | Noticed Gastronok
  7789 | D:9      | Reached * piety under Hepliaklqana
  7840 | D:9      | Found a staircase to the Lair.
  7840 | D:9      | Noticed an elephant
  7891 | D:10     | Entered Level 10 of the Dungeon
  7891 | D:10     | Noticed Maggie
  7898 | D:10     | Killed Maggie
  7899 | D:10     | Reached XP level 10. HP: 54/65 MP: 20/20
  7989 | D:9      | Noticed a two-headed ogre
  8003 | D:9      | Killed a two-headed ogre
  8004 | D:9      | Reached skill level 5 in Fighting
  8004 | D:9      | Reached skill level 5 in Short Blades
  8004 | D:9      | Reached skill level 5 in Long Blades
  8004 | D:9      | Reached skill level 5 in Axes
  8004 | D:9      | Reached skill level 5 in Maces & Flails
  8004 | D:9      | Reached skill level 5 in Polearms
  8004 | D:9      | Reached skill level 5 in Staves
  8004 | D:9      | Reached skill level 5 in Slings
  8004 | D:9      | Reached skill level 5 in Bows
  8004 | D:9      | Reached skill level 5 in Crossbows
  8004 | D:9      | Reached skill level 5 in Throwing
  8004 | D:9      | Reached skill level 5 in Armour
  8004 | D:9      | Reached skill level 5 in Shields
  8004 | D:9      | Reached skill level 5 in Unarmed Combat
  8004 | D:9      | Reached skill level 5 in Evocations
  8013 | D:9      | Killed an elephant
  8273 | D:9      | Reached skill level 5 in Conjurations
  8919 | D:9      | Killed an unseen horror
  9300 | D:9      | Reached ** piety under Hepliaklqana
  9301 | D:9      | Remembered your ancestor Zola as a battlemage
 10063 | D:7      | Killed an eight-headed hydra
 10064 | D:7      | Reached XP level 11. HP: 7/72 MP: 22/22
 10901 | D:8      | Killed Gastronok
 10902 | D:8      | Reached skill level 5 in Hexes
 10902 | D:8      | Reached skill level 5 in Summonings
 10902 | D:8      | Reached skill level 5 in Necromancy
 10902 | D:8      | Reached skill level 5 in Translocations
 10902 | D:8      | Reached skill level 5 in Transmutations
 10902 | D:8      | Reached skill level 5 in Ice Magic
 10902 | D:8      | Reached skill level 5 in Air Magic
 10902 | D:8      | Reached skill level 5 in Earth Magic
 10902 | D:8      | Reached skill level 5 in Poison Magic
 11457 | D:10     | Found a radiant altar of Vehumet.
 11458 | D:10     | Found a white marble altar of Elyvilon.
 11458 | D:10     | Found a snail-covered altar of Cheibriados.
 11458 | D:10     | Found a bloodstained altar of Trog.
 11571 | D:10     | Noticed Psyche
 11579 | D:10     | Killed Psyche
 11877 | D:10     | Noticed a seven-headed hydra
 11879 | D:10     | Noticed a four-headed hydra
 11880 | D:10     | Noticed a cyclops
 11881 | D:10     | Killed a seven-headed hydra
 11885 | D:10     | Killed a four-headed hydra
 11885 | D:10     | Killed by an exploding four-headed hydra... ignited by
                  | their inner flame

Illustrated notes

Levels and vault maps discovered:
D:1:      mainiacjoe_arrival_reflecting_pool, layout_rooms,
          corexii_corridor_pit, hangedman_decor_points
D:2:      layout_basic, hellmonk_ecumenical_altar_lost_god
D:3:      layout_basic, nicolae_overflow_crystal_walls
D:4:      layout_rooms, ebering_ghost_sewer_f
D:5:      layout_cave_pools, jmf_multi_god_temple2, ebering_ghost_disaster_area,
          minmay_bent
D:6:      layout_rooms, serial_shops, shop_statue
D:7:      layout_loops_ring, lemuel_temple_firewalk_b
D:8:      layout_basic, serial_shops, nicolae_shop_competitors_out_of_business,
          kennysheep_mini_moat, uniq_gastronok
D:9:      layout_gridville, david_lair_generic
D:10:     minmay_the_grid_triangle_9x9_recursive_2
          [minmay_the_grid_triangle_9x9_prize_special,
          minmay_the_grid_triangle_9x9_odd_lines,
          minmay_the_grid_triangle_9x9_negative_grid,
          minmay_the_grid_triangle_9x9_pentomino_pain], layout_cave_pools,
          chequers_temple_overflow_statue_of_worship, minmay_hedge_maze,
          uniq_maggie, uniq_psyche
Temple:   nicolae_temple_no_exploring_needed

Skill      XL: |  1  2  3  4  5  6  7  8  9 10 11 |
---------------+----------------------------------+-----
Conjurations   | 2 3 4 5 |  5.8
Spellcasting   | 5 6 7 8 |  8.3
Invocations    | 1 2 3 4 5 6 7 |  7.1
Fighting       | 1 2 3 4 5 6 |  6.4
Short Blades   | 1 2 3 4 5 6 |  6.4
Long Blades    | 1 2 3 4 5 6 |  6.4
Axes           | 1 2 3 4 5 6 |  6.4
Maces & Flails | 1 2 3 4 5 6 |  6.4
Polearms       | 1 2 3 4 5 6 |  6.4
Staves         | 1 2 3 4 5 6 |  6.4
Slings         | 1 2 3 4 5 6 |  6.4
Bows           | 1 2 3 4 5 6 |  6.4
Crossbows      | 1 2 3 4 5 6 |  6.4
Throwing       | 1 2 3 4 5 6 |  6.4
Armour         | 1 2 3 4 5 6 |  6.4
Shields        | 1 2 3 4 5 6 |  6.4
Unarmed Combat | 1 2 3 4 5 6 |  6.4
Evocations     | 1 2 3 4 5 6 |  6.4
Hexes          | 1 2 3 4 5 |  5.3
Summonings     | 1 2 3 4 5 |  5.3
Necromancy     | 1 2 3 4 5 |  5.3
Translocations | 1 2 3 4 5 |  5.3
Transmutations | 1 2 3 4 5 |  5.3
Ice Magic      | 1 2 3 4 5 |  5.3
Air Magic      | 1 2 3 4 5 |  5.3
Earth Magic    | 1 2 3 4 5 |  5.3
Poison Magic   | 1 2 3 4 5 |  5.3
Dodging        | 5 6 7 8 |  8.0
Stealth        | 5 6 7 |  7.8
Fire Magic     | 6 7 |  7.7

Action                   |  1- 3 |  4- 6 |  7- 9 | 10-12 || total
-------------------------+-------+-------+-------+-------++-------
Melee: Unarmed           |     5 |       |       |       ||     5
       Dagger            |    11 |    15 |       |       ||    26
       Flail             |       |    11 |       |       ||    11
       Bite              |       |     2 |     4 |     5 ||    11
       Whip              |       |    12 |    40 |    36 ||    88
       Punch             |       |       |     3 |     1 ||     4
 Cast: Foxfire           |    98 |    92 |   198 |   151 ||   539
       Inner Flame       |       |       |     5 |    26 ||    31
       Call Canine Famil |       |       |     2 |     1 ||     3
       Scorch            |       |       |     1 |    12 ||    13
Invok: Ancestor Life: Ba |       |       |       |     1 ||     1
 Stab: Sleeping          |     1 |     3 |     1 |       ||     5
Armor: Robe              |    10 |     8 |     8 |     2 ||    28
       Steam dragon scal |       |       |       |     9 ||     9
Dodge: Dodged            |    29 |    39 |    36 |    31 ||   135
